 Dungeon Crawl Stone Soup version 0.28.0-47-ge53b351184 (webtiles) character file.

Game seed: 5267054675566565941

933 Eitelfritz the Covert (level 8, -2/46 HPs)
             Began as a Kobold Brigand on Apr 27, 2022.
             Slain by a lemure (5 damage)
             ... led by Pikel
             ... on level 5 of the Dungeon.
             The game lasted 00:10:41 (4052 turns).

Eitelfritz the Covert (Kobold Brigand)              Turns: 4052, Time: 00:10:41

Health: -2/46      AC:  3    Str:  8    XL:     8   Next: 33%
Magic:  8/8        EV: 16    Int: 13    God:
Gold:   223        SH:  0    Dex: 18    Spells: 7/7 levels left

rFire   . . .      SeeInvis .   a - +3 dagger (venom)
rCold   . . .      Faith    .   (no shield)
rNeg    . . .      Spirit   .   m - +0 robe
rPois   .          Reflect  .   (no helmet)
rElec   .          Harm     .   c - +0 cloak
rCorr   .          Rampage  .   (no gloves)
Will    .....                   (no boots)
Stlth   ++++++....              (no amulet)
HPRegen 0.15/turn               (no ring)
MPRegen 0.11/turn               (no ring)

@: no status effects
A: small, no large weapons, nightstalker 3
a: no special abilities


You were on level 5 of the Dungeon.
You visited 1 branch of the dungeon, and saw 5 of its levels.

You collected 223 gold pieces.

Inventory:

Hand Weapons
 a - a +3 dagger of venom (weapon)
 b - a +2 short sword of flaming
Missiles
 d - 8 poisoned darts (quivered)
 e - 3 curare-tipped darts
Armour
 c - a +0 cloak (worn)
 m - a +0 robe (worn)
Scrolls
 h - 2 scrolls of teleportation
 j - a scroll of fear
Potions
 g - 3 potions of resistance
 i - a potion of haste
 k - 2 potions of curing
 o - a potion of might
 p - a potion of ambrosia


   Skills:
 + Level 3.4 Fighting
 + Level 5.9 Short Blades
 + Level 2.5 Throwing
 + Level 3.9 Dodging
 + Level 11.0 Stealth


You had 7 spell levels left.
You didn't know any spells.
Your spell library contained the following spells:

 Spells                   Type           Power      Damage    Failure   Level
 Confusing Touch          Hex            0%         N/A       67%         3
 Portal Projectile        Hex/Tloc       0%         N/A       67%         3
 Blade Hands              Tmut           0%         N/A       100%        5
 Excruciating Wounds      Necr           0%         N/A       100%        5
 Yara's Violent Unravell  Hex/Tmut       0%         3d3       100%        5
 Enfeeble                 Hex            0%         N/A       100%        7


Dungeon Overview and Level Annotations

Branches:
Dungeon (5/15)
 Temple: D:4-7

Altars:
Nemelex Xobeh

Annotations:
D:5 Pikel


Innate Abilities, Weirdness & Mutations

You are small and have problems with some larger weapons.
You are completely attuned to the shadows.


Message History

The lemure hits you but does no damage.
You hit Sigmund.
Sigmund looks as sick as possible!
Sigmund is severely wounded.
Sigmund mumbles some strange words.
Sigmund flickers and vanishes!
Deactivating autopickup; reactivate with Ctrl-A.
The lemure hits you.
You hit something. You closely miss something. Something closely misses you.
The lemure hits you.
You hit something.
Reactivating autopickup.
You feel a bit more experienced. The lemure hits you but does no damage.
Your Stealth skill increases to level 11!
Things that are here:
a +0 scythe; a +0 robe
Found a glowing black potion.
A phantom comes into view.
The phantom closely misses you.
You barely miss the phantom. The lemure hits you. The phantom misses you.
The lemure barely misses you.
Found a scroll labelled VORITU DUOXIUDYS.
The phantom hits you.
* * * LOW HITPOINT WARNING * * *
The phantom blinks!
You blink.
The lemure hits you.
* * * LOW HITPOINT WARNING * * *
The lemure misses you.
You see here a scroll labelled VORITU DUOXIUDYS.
An orc comes into view. It is wielding a +0 club.
The orc shouts!
The orc misses you.
You barely miss the orc. The orc barely misses you.
You closely miss the orc.
You hear the brisk rusting of a drain nearby.
The lemure hits you!
* * * LOW HITPOINT WARNING * * *
The orc completely misses you.
You closely miss the orc. The orc barely misses you. The lemure hits you.
You die...

#########
#.W5@o..#
#.#####.#
#?# #W#
#.# #
#.#####.#
#.......#
####.####
#.....


You could see a phantom, a lemure and an orc.

Vanquished Creatures
  Grinder (D:3)
  Sigmund (D:5)
  An ogre (D:4)
  A kobold brigand (D:4)
  A water moccasin skeleton (D:4)
  A bullfrog zombie (D:4)
  A jelly (D:5)
  3 orc priests
  An iguana (D:4)
  2 orc wizards
  A howler monkey zombie (D:3)
  4 adders
  An adder skeleton (D:4)
  A worm (D:3)
  13 orcs
  4 ball pythons
  7 endoplasms
  4 giant cockroaches
  12 hobgoblins
  2 jackals (D:4)
  5 kobolds
  2 quokkas
  4 frilled lizards
  11 goblins
  6 rats (D:1)
90 creatures vanquished.

Notes
Turn   | Place    | Note
-------+----------+-------------------------------------------
     0 | D:1      | Eitelfritz the Kobold Brigand began the quest for the Orb.
     0 | D:1      | Reached XP level 1. HP: 12/12 MP: 1/1
   350 | D:1      | Reached XP level 2. HP: 17/17 MP: 2/2
   441 | D:1      | Found a faded altar of an unknown god.
   595 | D:1      | Reached skill level 6 in Stealth
   595 | D:1      | Reached XP level 3. HP: 21/21 MP: 3/3
  1420 | D:3      | Reached XP level 4. HP: 10/27 MP: 4/4
  1518 | D:3      | Reached skill level 7 in Stealth
  1737 | D:3      | Noticed Grinder
  1739 | D:3      | Reached XP level 5. HP: 31/31 MP: 5/5
  1745 | D:3      | Killed Grinder
  1746 | D:3      | Reached skill level 8 in Stealth
  1746 | D:3      | Reached XP level 6. HP: 34/36 MP: 6/6
  1858 | D:3      | Reached skill level 9 in Stealth
  2378 | D:3      | Reached XP level 7. HP: 40/40 MP: 7/7
  3090 | D:4      | Reached skill level 5 in Short Blades
  3090 | D:4      | Reached skill level 10 in Stealth
  3199 | D:4      | Found a sparkling altar of Nemelex Xobeh.
  3587 | D:5      | Entered Level 5 of the Dungeon
  3646 | D:5      | Reached XP level 8. HP: 46/46 MP: 8/8
  3691 | D:5      | Noticed Pikel
  3771 | D:5      | Noticed Sigmund
  4011 | D:5      | Killed Sigmund
  4012 | D:5      | Reached skill level 11 in Stealth
  4052 | D:5      | Slain by a lemure

Illustrated notes

Levels and vault maps discovered:
D:1:      dpeg_arrival_shelter, layout_basic,
          shapermc_ecumenical_altar_starsandcircs
D:2:      layout_rooms
D:3:      cheibrodos_greedy_goblins, layout_rooms, serial_forest,
          infiniplex_forest_lined_2, infiniplex_forest_end_3,
          infiniplex_forest_straight_5, infiniplex_forest_clump_curved,
          infiniplex_forest_straight_4, uniq_grinder
D:4:      layout_basic, nemelex_dance_club_becter, kennysheep_generic_room_16
D:5:      layout_loops_corners, gup_sewer_entry_glass, uniq_sigmund, uniq_pikel

Skill      XL: |  1  2  3  4  5  6  7  8 |
---------------+-------------------------+-----
Short Blades   | 3 4 5 |  5.9
Stealth        | 6 7 8 9 10 11 | 11.0
Dodging        | 2 3 |  3.9
Fighting       | 3 |  3.4
Throwing       | |  2.5

Action                   |  1- 3 |  4- 6 |  7- 9 || total
-------------------------+-------+-------+-------++-------
Melee: Dagger            |    71 |    50 |    77 ||   198
       Short sword       |       |    14 |    10 ||    24
  Use: Scroll            |       |       |    12 ||    12
 Stab: Sleeping          |    18 |    13 |    17 ||    48
       Distracted        |     1 |       |       ||     1
Armor: Robe              |     7 |     4 |     9 ||    20
Dodge: Dodged            |    30 |    24 |    66 ||   120
